 Dungeon Crawl Stone Soup version 0.17.0-57-g0e89251 (webtiles) character file.

1899 DeXoteric the Covert (level 9, 0/42 HPs)
             Began as a Vine Stalker Assassin on Dec 7, 2015.
             Was a Follower of Makhleb.
             Succumbed to a water moccasin's poison
             ... on level 5 of the Dungeon.
             The game lasted 00:20:53 (4955 turns).

DeXoteric the Covert (Vine Stalker Assassin)        Turns: 4955, Time: 00:20:53

Health: 0/42       AC:  9    Str: 15    XL:     9   Next: 15%
Magic:  7/10       EV: 11    Int: 14    God:    Makhleb [*.....]
Gold:   268        SH:  0    Dex: 18    Spells: 3 memorised, 1 level left

rFire  . . .     SeeInvis .     a - +2 dagger (elec)
rCold  + . .     Clarity  .     u - +2 robe {rC+}
rNeg   . . .     SustAt   .     (no shield)
rPois  .         Gourm    .     m - +2 hat
rElec  .         Spirit   +     d - +0 cloak
rCorr  .         Warding  .     x - +1 pair of gloves
rMut   .         Stasis   .     (no boots)
MR     ++...                    (no amulet)
Stlth  +++++.....               D - ring of protection from magic
                                J - +3 ring of dexterity

@: lethally poisoned (0 -> -7), very resistant to hostile enchantments, quite
stealthy
A: fangs 3, regeneration 2, magic shield, antimagic bite, no device heal 3, rot
immunity
a: Renounce Religion


You were on level 5 of the Dungeon.
You worshipped Makhleb.
Makhleb was aware of your devotion.
You were hungry.

You visited 2 branches of the dungeon, and saw 8 of its levels.

You collected 268 gold pieces.

Inventory:

Hand Weapons
 a - a +2 dagger of electrocution (weapon)
 b - a +0 blowgun
 c - a +3 short sword of electrocution
Missiles
 e - 22 poisoned needles
 f - 2 curare-tipped needles
Armour
 d - a +0 cloak (worn)
 m - a +2 hat (worn)
 u - a +2 robe of cold resistance (worn)
 x - a +1 pair of gloves (worn)
Jewellery
 i - a +1 ring of evasion
 D - a ring of protection from magic (right hand)
 J - a +3 ring of dexterity (left hand)
Wands
 n - a wand of teleportation (6)
Scrolls
 j - a scroll of magic mapping
 o - a scroll of identify
 q - 2 scrolls of recharging
 r - a scroll of random uselessness {unknown}
 s - 2 scrolls of fear
 t - a scroll of blinking
 v - a scroll of fog
 y - 3 scrolls of teleportation
 E - 2 scrolls of amnesia {unknown}
 F - a scroll of immolation {unknown}
Potions
 h - a potion of berserk rage {unknown}
 l - a potion of cancellation {unknown}
 p - a potion of invisibility {unknown}
 w - a potion of lignification {unknown}
 z - 2 potions of magic
 A - a potion of resistance {unknown}
 G - a potion of curing {unknown}
 H - 3 potions of haste
 L - a potion of agility {unknown}
Books
 k - a book of Spatial Translocations

   Spells                             Type                      Level
   a - Apportation                    Translocation                1
   b - Blink                          Translocation                2
   c - Shroud of Golubria             Charms/Translocation         2
   d - Portal Projectile              Translocation                3
   e - Teleport Other                 Translocation                3
   f - Passage of Golubria            Translocation                4
Comestibles
 g - 4 bread rations
 C - a beef jerky
 I - a meat ration
 K - a royal jelly


   Skills:
 - Level 1.7 Fighting
 + Level 7.2 Short Blades
 - Level 1.7 Throwing
 - Level 0.7 Dodging
 + Level 12.0 Stealth


You had one spell level left.
You knew the following spells:

 Your Spells              Type           Power        Failure   Level  Hunger
g - Passage of Golubria   Tloc           N/A          100%        4    #####..
A - Apportation           Tloc           #.........   30%         1    ##.....
B - Blink                 Tloc           N/A          43%         2    ###....


Dungeon Overview and Level Annotations

Branches:
Dungeon (7/15)             Temple (1/1) D:5

Altars:
Ashenzari
Cheibriados
Dithmenos
Elyvilon
Fedhas
Gozag
Kikubaaqudgha
Makhleb
Nemelex Xobeh
Okawaru
Qazlal
Ru
Sif Muna
Trog
Vehumet
Xom
Yredelemnul
Zin
The Shining One


Innate Abilities, Weirdness & Mutations

You have razor-sharp teeth.
You heal very quickly.
When hurt, damage is shared between your health and your magic reserves.
Your bite disrupts and absorbs the magic of your enemies.
Potions and wands cannot restore your health.
You are immune to rotting.


Message History

You hit the water moccasin.
You kill the water moccasin!
Makhleb accepts your kill.
Your Stealth skill increases to level 12!
* * * LOW HITPOINT WARNING * * *
You feel sick.
There is a lethal amount of poison in your body!
* * * LOW HITPOINT WARNING * * *
You feel sick.
* * * LOW HITPOINT WARNING * * *
You feel very sick.
* * * LOW HITPOINT WARNING * * *
You feel sick.
* * * LOW HITPOINT WARNING * * *
You feel sick.
* * * LOW HITPOINT WARNING * * *
You feel sick.
* * * LOW HITPOINT WARNING * * *
You feel sick.
You die...

#........###...
#........# #...
#........# #...
#........# ####
#........#
####........# ##
#...........# #.
#.#......##.# #.
#f#......##.# #.
#.#......##.#####.
#.#......# ...#.[.
#.#......# #.#.#.
#.###'#######...#.
#............####.
#............# #.
#............# #.
#............# #.


There were no monsters in sight!

Vanquished Creatures
  Sigmund (D:2)
  A water moccasin (D:5)
  An ice beast (D:5)
  A sky beast (D:7)
  An orc warrior (D:7)
  A phantom (D:5)
  An ogre (D:5)
  A centaur (D:6)
  A giant frog (D:7)
  4 scorpions
  Crazy Yiuf (D:2)
  4 orc priests
  Ijyb (D:3)
  8 worker ants
  Terence (D:3)
  7 orc wizards
  3 iguanas
  A hound zombie (D:6)
  5 adders
  5 oozes (D:1)
  An adder skeleton (D:6)
  4 worms
  20 orcs
  4 bats
  9 giant cockroaches
  7 goblins
  6 hobgoblins
  13 jackals
  4 quokkas
  A giant gecko zombie (D:5)
  6 giant newts
  3 kobolds
  13 rats
140 creatures vanquished.

Notes
Turn   | Place    | Note
--------------------------------------------------------------
     0 | D:1      | DeXoteric the Vine Stalker Assassin began the quest for the Orb.
     0 | D:1      | Reached XP level 1. HP: 11/11 MP: 2/2
     1 | D:1      | Found a runed door.
    11 | D:1      | Reached skill level 5 in Stealth
    30 | D:1      | Reached XP level 2. HP: 9/15 MP: 1/3
    53 | D:1      | Reached XP level 3. HP: 6/18 MP: 2/4
    63 | D:1      | Reached skill level 6 in Stealth
   708 | D:2      | Reached XP level 4. HP: 20/23 MP: 5/5
   731 | D:2      | Noticed Sigmund
   749 | D:2      | Killed Sigmund
   749 | D:2      | Reached skill level 7 in Stealth
   749 | D:2      | Reached XP level 5. HP: 18/26 MP: 6/6
   858 | D:2      | Found a glowing golden altar of the Shining One.
   983 | D:2      | Found a white marble altar of Elyvilon.
  1066 | D:2      | Gained mutation: You heal very quickly. [Vine Stalker growth]
  1066 | D:2      | Reached XP level 6. HP: 30/30 MP: 7/7
  1098 | D:2      | Reached skill level 8 in Stealth
  1309 | D:2      | Noticed Crazy Yiuf
  1315 | D:2      | Killed Crazy Yiuf
  1458 | D:3      | Found a stormy altar of Qazlal.
  1532 | D:3      | Noticed Terence
  1569 | D:3      | Killed Terence
  1678 | D:3      | Noticed Ijyb
  1706 | D:3      | Killed Ijyb
  2232 | D:4      | You fall through a shaft for 3 floors!
  2303 | D:7      | Reached skill level 9 in Stealth
  2303 | D:7      | Reached XP level 7. HP: 34/34 MP: 8/8
  2674 | D:7      | Reached skill level 10 in Stealth
  2692 | D:7      | Reached skill level 5 in Short Blades
  2692 | D:7      | Gained mutation: You have razor-sharp teeth. [Vine Stalker growth]
  2692 | D:7      | Reached XP level 8. HP: 10/38 MP: 9/9
  3899 | D:5      | Entered Level 5 of the Dungeon
  3899 | D:5      | Found a staircase to the Ecumenical Temple.
  3900 | D:5      | Reached skill level 11 in Stealth
  3908 | Temple   | Entered the Ecumenical Temple
  4073 | Temple   | Became a worshipper of Makhleb the Destroyer
  4340 | D:5      | Reached * piety under Makhleb
  4369 | D:5      | Reached XP level 9. HP: 37/42 MP: 10/10
  4904 | D:5      | Learned a level 2 spell: Blink
  4909 | D:5      | Learned a level 4 spell: Passage of Golubria
  4911 | D:5      | Learned a level 1 spell: Apportation
  4948 | D:5      | Reached skill level 12 in Stealth
  4954 | D:5      | HP: 2/42 [poisoned by a water moccasin]
  4955 | D:5      | Succumbed to a water moccasin's poison

Action                   |  1- 3 |  4- 6 |  7- 9 || total
-------------------------+-------+-------+-------++-------
Melee: Dagger            |    91 |    88 |    83 ||   262
       Short sword       |       |    36 |    81 ||   117
 Fire: Blowgun           |       |    22 |    31 ||    53
Evoke: Wand              |       |       |     1 ||     1
  Use: Scroll            |       |       |    13 ||    13
 Stab: Sleeping          |     8 |    11 |     8 ||    27
       Distracted        |     1 |     1 |     1 ||     3
  Eat: Chunk             |       |     5 |     7 ||    12
